 Dungeon Crawl Stone Soup version 0.17-a0-1056-g838d5c0 (webtiles) character file.

87 Lugonue the Cudgeler (level 4, -8/35 HPs)
             Began as a Mummy Chaos Knight on May 16, 2015.
             Impaled on a porcupine's spines (13 damage)
             ... on level 3 of the Dungeon.
             The game lasted 00:03:48 (2268 turns).

Lugonue the Cudgeler (Mummy Chaos Knight)           Turns: 2268, Time: 00:03:48

Health: -8/35      AC:  6    Str: 15    XL:     4   Next: 28%
Magic:  4/4        EV: 13    Int: 12    God:    Xom [.....*]
Gold:   211        SH:  0    Dex: 11    Spells: 0 memorised, 3 levels left

rFire  x . .     SeeInvis .     a - +0 mace (chaos)
rCold  + . .     Clarity  .     b - +2 leather armour
rNeg   + + +     SustAb   .     (no shield)
rPois  ∞         Gourm    .     (no helmet)
rElec  .         Spirit   .     (no cloak)
rCorr  .         Warding  .     j - +0 pair of gloves
rMut   .         Stasis   .     (no boots)
MR     .....                    (no amulet)
Stlth  +.........               h - +2 ring of evasion
                                (no ring)

@: not resistant to hostile enchantments, very unstealthy
A: no food or potions, fire vulnerability, cold resistance 1, negative energy
resistance 3, torment resistance, unbreathing
a: Renounce Religion


You were on level 3 of the Dungeon.
You worshipped Xom.
You were Xom's teddy bear.
You were not hungry.

You visited 1 branch of the dungeon, and saw 3 of its levels.

You collected 211 gold pieces.

Inventory:

Hand weapons
 a - a +0 mace of chaos (weapon)
Armour
 b - a +2 leather armour (worn)
 j - a +0 pair of gloves (worn)
Jewellery
 d - an uncursed ring of flight
 h - a +2 ring of evasion (right hand)
Scrolls
 c - 4 scrolls of remove curse
 f - 3 scrolls of identify
 i - a scroll of fog


   Skills:
 - Level 3.0 Fighting
 * Level 4.2 Maces & Flails
 - Level 1.5 Armour
 - Level 0.7 Dodging


You had 3 spell levels left.
You didn't know any spells.

Dungeon Overview and Level Annotations

Branches:
Dungeon (3/15)

Altars:
Okawaru


Innate Abilities, Weirdness & Mutations

You do not eat or drink.
Your flesh is vulnerable to fire.
You are immune to poison.
Your flesh is cold resistant.
You are immune to negative energy.
You are immune to unholy pain and torment.
You can survive without breathing.


Message History

You closely miss the orc. The orc hits you with a flail.
You hit the orc but do no damage.
The orc is poisoned.
The orc completely misses you. The orc closely misses you.
You sock the orc!
You kill the orc!
The porcupine seems less confused.
You closely miss the porcupine.
The porcupine is severely wounded.
The porcupine barely misses you. The porcupine closely misses you.
You closely miss the porcupine.
The porcupine is severely wounded.
The porcupine barely misses you.
You are struck by the porcupine's spines.
* * * LOW HITPOINT WARNING * * *
You barely miss the porcupine.
The porcupine is severely wounded.
The porcupine barely misses you. x2
You are struck by the porcupine's spines.
You die...
Xom chuckles heartily!

#####... #.......
###.###... ############
##...# #...
.....#.....###..### #...
..........!.##.## #...
.<...(.......#.# ##..
.....<.........# #..
.$....)@.....### ###
.......r.....######
............(....!.#####
...........$.### #......
............## ##......
.....#.....## ##.......
############ ##.......)
.......... ##.....)..


You could see a porcupine.

Vanquished Creatures
  2 adders
  An ooze (D:3)
  2 worms (D:2)
  A giant gecko (D:1)
  An orc (D:3)
  2 ball pythons
  7 bats
  5 giant cockroaches
  7 goblins
  5 hobgoblins
  3 jackals (D:2)
  5 giant newts
  8 kobolds
  9 rats
58 creatures vanquished.

Notes
Turn   | Place    | Note
--------------------------------------------------------------
     0 | D:1      | Lugonue the Mummy Chaos Knight began the quest for the Orb.
     0 | D:1      | Reached XP level 1. HP: 18/18 MP: 1/1
    38 | D:1      | XOM: divination: detect creatures
   296 | D:1      | XOM: divination: detect items
   299 | D:1      | Reached XP level 2. HP: 13/24 MP: 2/2
  1013 | D:2      | XOM: noise
  1052 | D:2      | Reached XP level 3. HP: 29/29 MP: 3/3
  1426 | D:2      | XOM: silly message
  1614 | D:2      | XOM: harmless Summ miscast
  1772 | D:2      | Reached skill level 4 in Maces & Flails
  2022 | D:3      | Reached XP level 4. HP: 30/35 MP: 4/4
  2048 | D:3      | XOM: swap monsters
  2133 | D:3      | Found an iron altar of Okawaru.
  2252 | D:3      | Noticed a porcupine
  2252 | D:3      | an adder changed into a porcupine
  2258 | D:3      | XOM: potion effect (curing)
  2268 | D:3      | Impaled on a porcupine's spines

Vault maps used:
D:1:      lightli_arrival_maybe_door_vault
D:3:      okawaru_metal_pillars_1_2

Action                   |  1- 3 |  4- 6 || total
-------------------------+-------+-------++-------
Melee: Mace              |   158 |    35 ||   193
  Use: Scroll            |     5 |       ||     5
 Stab: Paralysed         |     1 |       ||     1
